Map: Incorporeal LE

Players

ManlyManMeat - Winner!

  • Race: Zerg Zerg
  • League: Diamond
  • Spawn Location: 11:00

VOD

Have the link to the VOD?

Description

Time

  • Played on: June 22, 2025, 3:05 p.m.
  • Length: 11:26
Show
View Real Time Build Order
Export as new Build Order

ManlyManMeat Zerg - Winner!

Build Orders:  

Get SALT Encoding   

  12  0:00  Drone  
  13  0:12  Drone  
  14  0:25  Drone, Extractor  
  15  0:31  Overlord  
  15  0:59  Drone  
  16  1:06  Hatchery  
  15  1:12  Drone  
  15  1:17  Drone  
  17  1:23  Drone  
  18  1:37  Extractor  
  17  1:47  Spawning Pool  
  16  1:53  Drone  
  16  1:58  Drone  
  18  2:04  Drone  
  19  2:16  Drone  
  20  2:44  Overlord  
  20  2:53  Queen x2  
  20  2:55  Zergling x2  
  25  3:00  Zergling x2  
  26  3:12  Drone x2  
  28  3:28  Drone x2  
  30  3:38  Drone x2  
  34  3:56  Hatchery  
  31  4:00  Drone  
  31  4:01  Drone  
  31  4:07  Overlord  
  32  4:10  Metabolic Boost  
  32  4:18  Drone x3  
  35  4:30  Overlord  
  35  4:35  Zergling x2  
  35  4:39  Drone x2  
  38  4:44  Queen  
  38  4:46  Overlord  
  40  4:55  Drone x2  
  42  5:14  Drone x2  
  44  5:21  Extractor  
  44  5:23  Drone  
  44  5:26  Baneling Nest  
  44  5:27  Drone x2  
  44  5:29  Drone x3  
  48  5:41  Queen  
  48  5:42  Queen  
  48  5:48  Drone x4  
  56  6:05  Overlord x3  
  56  6:17  Drone x2  
  58  6:20  Evolution Chamber  
  58  6:22  Drone x2  
  58  6:25  Overlord  
  59  6:34  Lair  
  59  6:49  Drone x2  
  42  6:50  Drone x3  
  61  6:51  Drone x2  
  61  6:56  Zerg Melee Weapons Level 1  
  66  7:02  Evolution Chamber  
  66  7:04  Zergling x14  
  72  7:27  Zergling x12  
  78  7:35  Centrifugal Hooks  
  78  7:44  Zerg Ground Armor Level 1  
  78  7:50  Drone  
  78  7:51  Drone  
  78  7:53  Drone  
  78  7:54  Drone  
  78  7:55  Hatchery  
  78  7:58  Hatchery, Baneling x4  
  80  8:03  Drone x2  
  80  8:04  Drone  
  80  8:05  Extractor  
  80  8:07  Drone  
  80  8:08  Hatchery  
  82  8:17  Queen  
  82  8:18  Queen  
  82  8:19  Overlord  
  86  8:28  Baneling  
  86  8:29  Baneling x3  
  86  8:30  Overlord x2  
  86  8:58  Zergling x22  
  97  9:11  Hatchery  
  95  9:26  Baneling x7  
  95  9:27  Zergling x6, Baneling  
  95  9:28  Zergling x18  
  106  9:45  Zergling x4  
  106  9:46  Zergling x6  
  106  10:01  Zergling x2  
  106  10:02  Zergling x16  
  115  10:13  Zergling x12  
  121  10:20  Overlord x2  
Tags
 
League
Diamond
Matchup
Co-op
Replay Pack
Myownreplay2
Add a new tag
Caveats
  • Supply blocks, unpowered buildings, or Contaminate may cause inaccurate times.
  • Supply counts are checked every 10 seconds.